Map: Amygdala

Players

Harstem - Winner!

  • Race: Protoss Protoss
  • League: Grandmaster
  • Spawn Location: 7:00

Jumy (ForJumy)

  • Race: Protoss Protoss
  • League: Grandmaster
  • Spawn Location: 1:00

Event: HomeStory Cup XXVI

VOD

Have the link to the VOD?

Description

Time

  • Played on: Nov. 30, 2024, 4:40 p.m.
  • Length: 5:59

All games in this series

Show
View Real Time Build Order
Export as new Build Order

Harstem Protoss - Winner!

Build Orders: Phoenix Opening 

Get SALT Encoding   

  12  0:00  Probe  
  13  0:12  Probe  
  14  0:17  Pylon  
  14  0:23  Probe  
  15  0:31  Probe  
  15  0:37  Gateway  
  15  0:40  Probe  
  16  0:46  Assimilator  
  17  0:51  Probe  
  17  0:55  Assimilator  
  18  0:59  Probe  
  19  1:07  Gateway, Probe  
  20  1:17  Probe  
  20  1:24  Cybernetics Core  
  21  1:29  Probe  
  22  1:34  Pylon  
  22  1:41  Probe  
  23  1:53  Probe  
  24  2:00  Warp Gate  
  24  2:01  Sentry  
  26  2:05  Probe  
  27  2:10  Phoenix  
  27  2:17  Nexus  
  27  2:22  Sentry  
  29  2:30  Pylon  
  29  2:31  Probe  
  29  2:34  Stalker  
  31  2:45  Stalker  
  33  2:55  Robotics Facility  
  33  2:57  Probe  
  34  3:01  Stalker  
  36  3:13  Probe  
  36  3:15  Pylon  
  37  3:25  Probe  
  39  3:34  Immortal  
  39  3:37  Shield Battery  
  38  3:45  Probe  
  43  3:52  Shield Battery  
  43  3:54  Stalker  
  43  3:55  Stalker  
  46  3:57  Probe  
  47  4:05  Probe  
  47  4:09  Probe  
  49  4:10  Shield Battery  
  49  4:17  Probe  
  50  4:23  Immortal  
  48  4:26  Adept  
  52  4:33  Probe  
  51  4:40  Stalker  
  51  4:45  Phoenix  
  53  4:46  Probe  
  53  4:47  Probe  
  53  4:48  Sentry  
  53  4:50  Pylon  
  56  4:59  Immortal  
  57  5:00  Gateway  
  57  5:02  Immortal  
  57  5:04  Pylon  
  58  5:10  Probe  
  58  5:11  Probe  
  62  5:19  Assimilator  
  62  5:22  Zealot  
  62  5:23  Zealot  
  66  5:35  Shield Battery  
  67  5:36  Shield Battery  
  67  5:37  Pylon  
  67  5:40  Shield Battery  
  71  5:53  Zealot, Sentry  
Show
View Real Time Build Order
Export as new Build Order

Jumy Protoss 

Build Orders: Blink Stalkers 

Get SALT Encoding   

  12  0:00  Probe  
  13  0:12  Probe  
  14  0:17  Pylon  
  14  0:24  Probe  
  15  0:34  Probe  
  15  0:35  Gateway  
  15  0:42  Probe  
  16  0:47  Assimilator  
  17  0:52  Probe  
  17  0:56  Assimilator  
  18  1:01  Probe  
  18  1:08  Gateway  
  18  1:09  Probe  
  20  1:19  Probe  
  20  1:24  Cybernetics Core  
  21  1:31  Probe  
  22  1:34  Pylon  
  22  1:43  Probe  
  23  1:57  Stalker  
  23  1:58  Stalker  
  23  2:00  Warp Gate  
  27  2:04  Probe  
  27  2:07  Pylon  
  28  2:18  Twilight Council  
  28  2:29  Adept x2  
  32  2:35  Blink  
  32  2:50  Pylon  
  32  2:59  Gateway  
  32  3:08  Gateway  
  32  3:13  Pylon  
  30  3:50  Stalker x2  
  30  3:54  Stalker  
  34  4:03  Stalker  
  36  4:14  Stalker x2  
  40  4:18  Stalker  
  38  4:29  Stalker  
  36  4:42  Stalker x2  
  36  4:43  Stalker  
  40  5:04  Stalker  
  40  5:05  Stalker  
  40  5:06  Stalker  
  46  5:15  Pylon  
  46  5:25  Pylon  
  46  5:33  Stalker x2  
  50  5:35  Stalker  
  52  5:48  Stalker  
Tags
 
Add a new tag
Caveats
  • Supply blocks, unpowered buildings, or Contaminate may cause inaccurate times.
  • Supply counts are checked every 10 seconds.